 Dungeon Crawl Stone Soup version 0.27-a0-419-g7a85846853 (webtiles) character file.

Game seed: 3506708355997325802

4367 Chiseanne the Conjurer (level 10, 74/74 HPs)
             Began as a Demonspawn Wanderer on Feb 26, 2021.
             Was a Follower of Vehumet.
             Quit the game in a bailey.
             The game lasted 00:18:41 (7666 turns).

Chiseanne the Conjurer (Demonspawn Wanderer)        Turns: 7666, Time: 00:18:42

Health: 74/74      AC:  9    Str: 19    XL:     10   Next: 13%
Magic:  3/18       EV: 10    Int: 27    God:    Vehumet [*.....]
Gold:   500        SH:  9    Dex: 15    Spells: 3/20 levels left

rFire    . . .     SeeInvis .   B - +6 short sword of the Rat {vorpal, rPois rC++}
rCold    + + .     Faith    .   M - +0 buckler
rNeg     . . .     Spirit   .   d - +0 ring mail of Darkness {Will+ rCorr Int+7 Dex-2}
rPois    +         Reflect  .   (helmet restricted)
rElec    .         Harm     .   q - +1 cloak
rCorr    +         Rampage  .   (no gloves)
Will     +....                  l - +0 pair of boots
Stlth    +.........             t - amulet of regeneration
HPRegen  1.22/turn              s - +6 ring of strength
MPRegen  0.16/turn              w - +6 ring of dexterity

@: no status effects
A: antennae 1, spiny 3, big brain 1, condensation shield
a: Renounce Religion


You were in a bailey.
You worshipped Vehumet.
Vehumet was aware of your devotion.
You visited 2 branches of the dungeon, and saw 9 of its levels.
You also visited: Ossuary and Bailey.

You collected 500 gold pieces.

Inventory:

Hand Weapons
 n - a +0 hand axe of flaming
 v - a +2 vorpal glaive
 B - the +6 short sword of the Rat (weapon) {vorpal, rPois rC++}
   (You found it on level 5 of the Dungeon)

   It inflicts extra damage upon your enemies.
   It greatly protects you from cold.
   It protects you from poison.
Missiles
 e - 275 stones
 m - 53 boomerangs
 o - 56 bolts
 x - 79 arrows
 G - 8 silver boomerangs
 H - 10 poisoned darts (quivered)
 J - 17 sling bullets
 K - 6 javelins
 R - a curare-tipped dart
Armour
 d - the +0 ring mail of Darkness (worn) {Will+ rCorr Int+7 Dex-2}
   (You found it on level 4 of the Dungeon)

   It affects your intelligence (+7).
   It affects your dexterity (-2).
   It affects your willpower, your defense against some magical effects.
   It provides partial protection from all sources of acid and corrosion.
 l - a +0 pair of boots (worn)
 q - a +1 cloak (worn)
 y - a +0 robe of cold resistance
 A - a +1 helmet
 M - a +0 buckler (worn)
 N - a +1 leather armour of fire resistance
Jewellery
 h - a ring of ice
 s - a +6 ring of strength (left hand)
 t - an amulet of regeneration (around neck)
 w - a +6 ring of dexterity (right hand)
 Q - the amulet of Fun {Acrobat rElec Will+}
   (You found it on level 6 of the Dungeon)

   [amulet of the acrobat]

   It helps you evade while moving and waiting.
   It insulates you from electricity.
   It affects your willpower, your defense against some magical effects.
Wands
 a - a wand of mindburst (30)
 i - a wand of digging (6)
 I - a wand of acid (9)
 S - a wand of flame (10)
Scrolls
 c - 2 scrolls of teleportation
 z - a scroll of immolation
 C - 2 scrolls of amnesia
 O - a scroll of enchant weapon
 P - 3 scrolls of blinking
 T - 2 scrolls of identify
 U - a scroll of enchant armour
Potions
 b - 2 potions of berserk rage
 f - a potion of magic
 g - 4 potions of ambrosia
 j - 2 potions of resistance {unknown}
 k - 4 potions of curing
 p - 3 potions of brilliance {unknown}
 r - a potion of haste
 u - 5 potions of heal wounds
 D - 3 potions of cancellation {unknown}
 E - 2 potions of attraction {unknown}
 F - 2 potions of flight
 L - 2 potions of lignification {unknown}


   Skills:
 - Level 5.2 Fighting
 - Level 1.7 Maces & Flails
 * Level 5.9 Armour
 * Level 4.6 Shields
 * Level 5.6 Spellcasting
 * Level 6.0 Conjurations
 - Level 1.0 Hexes
 * Level 5.7 Fire Magic
 * Level 2.7 Air Magic
 - Level 1.0 Evocations


You had 3 spell levels left.
You knew the following spells:

 Your Spells              Type           Power        Failure   Level
a - Magic Dart            Conj           100%         1%          1
b - Foxfire               Conj/Fire      100%         1%          1
c - Sticky Flame          Conj/Fire      39%          10%         4
d - Mephitic Cloud        Conj/Pois/Air  23%          10%         3
e - Blink                 Tloc           N/A          17%         2
f - Apportation           Tloc           14%          11%         1
g - Fireball              Conj/Fire      19%          26%         5

Your spell library contained the following spells:

 Spells                   Type           Power        Failure   Level
 Sandblast                Erth           14%          11%         1
 Conjure Flame            Conj/Fire      39%          3%          3
 Corona                   Hex            14%          8%          1
 Dazzling Flash           Conj/Hex       52%          8%          3
 Inner Flame              Hex/Fire       25%          9%          3
 Animate Skeleton         Necr           14%          11%         1
 Summon Small Mammal      Summ           28%          11%         1
 Slow                     Hex            13%          11%         2
 Ensorcelled Hibernation  Hex/Ice        20%          14%         2
 Call Imp                 Summ           7%           17%         2
 Confusing Touch          Hex            13%          22%         3
 Tukima's Dance           Hex            13%          22%         3


Dungeon Overview and Level Annotations

Branches:
Dungeon (8/15)             Temple (1/1) D:6         Ossuary (visited)
 Bailey (1/1)
   Lair: D:8-11

Altars:
Ashenzari
Cheibriados
Dithmenos
Elyvilon
Fedhas
Gozag
Hepliaklqana
Kikubaaqudgha
Makhleb
Nemelex Xobeh
Okawaru
Qazlal
Ru
Sif Muna
Trog
Uskayaw
Vehumet
Wu Jian
Xom
Yredelemnul
Zin
The Shining One


Innate Abilities, Weirdness & Mutations

You have a pair of small antennae on your head.
You are completely covered in sharp spines.
You have an unusually large brain. (Int +2)
A meltable shield of frost defends you. (SH +4)


Message History

The ball explodes into a vile cloud!
The stinking cloud engulfs the orc warlord but does no damage.
The orc warlord is lightly wounded.
The orc warlord is engulfed in noxious fumes.
Casting: Mephitic Cloud (dangerous; 13% risk of failure)
Confirm with . or Enter, or press ? or * to list all spells.
Aiming: Mephitic Cloud (dangerous; 13% risk of failure)
Press: ? - help, Shift-Dir - straight line, f - orc warlord
Aim: an orc warlord, wielding a +0 war axe and wearing a +0 chain mail (lightly wounded, chance to affect: 29%)
The ball explodes into a vile cloud!
The stinking cloud engulfs the orc warlord but does no damage.
The orc warlord is lightly wounded.
Casting: Mephitic Cloud (dangerous; 13% risk of failure)
Confirm with . or Enter, or press ? or * to list all spells.
Aiming: Mephitic Cloud (dangerous; 13% risk of failure)
Press: ? - help, Shift-Dir - straight line, p - orc warlord The ball explodes into a vile cloud!
The stinking cloud engulfs the orc warlord but does no damage.
The orc warlord is lightly wounded.
You feel yourself slow down.
The orc warlord is engulfed in noxious fumes.
The orc warlord appears confused.
The orc warlord is engulfed in noxious fumes.
The orc warlord is engulfed in noxious fumes.
The orc warlord appears confused.
The orc warlord is engulfed in noxious fumes.
The orc warlord appears confused.
The orc warlord is engulfed in noxious fumes.
The orc warlord falls into the water!
The orc warlord drowns.
Vehumet accepts your kill.
You hear a splash. x2
Your Shields skill increases to level 4!
Your Conjurations skill increases to level 6!
Your Air Magic skill increases to level 2!
You have reached level 10!
Your demonic ancestry asserts itself...
A pair of antennae grows on your head!
Your +1 helmet falls away!
Are you sure you want to abandon this character and quit the game? (Confirm with "yes".)

#...'≈≈.........#.....'......♣
#...'≈≈....∩....#.....'÷..∩.∩♣
#...'≈≈.....)...#.....'......♣
#..o##)8.8...8.8##....#.....♣♣
##....#≈........?≈#....##....♣
##.....#≈≈#≈.....)≈#.....##...♣
##......####≈≈≈#≈≈≈##......##≈≈♣
#...8......#########........#≈≈♣
#..........'°.○°@)....8..8..#≈≈♣
#..........#≈≈≈°≈#.)........#≈≈♣
##..8..8...#≈≈≈≈≈#.........##≈≈♣
##.......##≈≈≈≈≈##...8...##≈≈≈♣
##.....##...(...##.....## ≈≈♣♣
##...##.........##...##
#####♣♣♣.....♣♣♣##### ♣♣♣∩♣♣♣


There were no monsters in sight!

Vanquished Creatures
  An orc warlord (Bailey)
  An orc knight (Bailey)
  Grinder (D:5)
  2 steam dragons (D:6)
  3 orc warriors
  A necrophage (D:7)
  A sky beast (D:6)
  4 ogres
  3 phantoms
  A kobold brigand (D:7)
  Blork the orc (D:4)
  2 bullfrogs
  An elf zombie (Ossuary)
  A scorpion (D:7)
  3 wights (D:8)
  A howler monkey (D:5)
  2 bullfrog skeletons
  4 orc priests
  A hound (D:6)
  An iguana (D:4)
  3 worker ants
  4 orc wizards
  2 mummies (Ossuary)
  A gnoll (Bailey)
  5 adders
  A shadow imp (D:6)
  A white imp (D:8)
  2 oozes
  An adder zombie (Ossuary)
  3 worms
  A dart slug (D:1)
  5 leopard geckos
  25 orcs
  2 giant cockroaches
  13 goblins
  9 hobgoblins
  9 jackals
  3 quokkas
  9 bats
  6 frilled lizards
  2 goblin zombies (Ossuary)
  12 hobgoblin zombies (Ossuary)
  A jackal zombie (Ossuary)
  29 kobolds
  15 kobold zombies (Ossuary)
  A leopard gecko zombie (D:6)
  2 orc zombies (Ossuary)
  7 rats
  3 rat zombies (Ossuary)
212 creatures vanquished.

Vanquished Creatures (others)
  159 foxfires
  14 plants
173 creatures vanquished.

Grand Total: 385 creatures vanquished

Notes
Turn   | Place    | Note
-------+----------+-------------------------------------------
     0 | D:1      | Chiseanne the Demonspawn Wanderer began the quest for the
                  | Orb.
     0 | D:1      | Chiseanne set off with the following items: a +0 club, a +0
                  | ring mail, a scroll of teleportation; and the following
                  | spell memorised: Foxfire; and the following spells
                  | available to memorise: Inner Flame, Conjure Flame, Sticky
                  | Flame, Fireball
     0 | D:1      | Reached XP level 1. HP: 15/15 MP: 2/2
   592 | D:1      | Gained mutation: You are partially covered in sharp spines.
                  | [demonic ancestry]
   592 | D:1      | Reached XP level 2. HP: 18/21 MP: 3/3
  1572 | D:1      | Reached XP level 3. HP: 26/26 MP: 5/5
  1723 | D:2      | Reached skill level 1 in Conjurations
  2719 | D:3      | Reached XP level 4. HP: 33/33 MP: 6/6
  2777 | D:3      | Found a glowing silver altar of Zin.
  2778 | D:3      | Found a white marble altar of Elyvilon.
  3342 | D:4      | Gained mutation: You are mostly covered in sharp spines.
                  | [demonic ancestry]
  3342 | D:4      | Reached XP level 5. HP: 38/38 MP: 8/8
  3361 | D:4      | Identified the +0 ring mail of Darkness {Will+ rCorr Int+7
                  | Dex-2}
  3397 | D:4      | Noticed an ogre
  3404 | D:4      | Killed an ogre
  3405 | D:4      | Reached skill level 2 in Conjurations
  3589 | D:4      | Noticed Blork the orc
  3604 | D:4      | Killed Blork the orc
  3605 | D:4      | Reached XP level 6. HP: 22/46 MP: 2/9
  3839 | D:5      | Entered Level 5 of the Dungeon
  3891 | D:5      | Identified the +6 short sword of the Rat {vorpal, rPois
                  | rC++}
  4076 | D:5      | Learned a level 1 spell: Magic Dart
  4281 | D:5      | Reached skill level 3 in Conjurations
  4281 | D:5      | Gained mutation: You have an unusually large brain. (Int
                  | +2) [demonic ancestry]
  4281 | D:5      | Reached XP level 7. HP: 52/52 MP: 4/11
  4436 | D:5      | Noticed Grinder
  4449 | D:5      | Killed Grinder
  4973 | D:6      | Gained mutation: A meltable shield of frost defends you.
                  | (SH +4) [demonic ancestry]
  4973 | D:6      | Reached XP level 8. HP: 23/60 MP: 7/13
  5090 | D:6      | Found a sand-covered staircase.
  5097 | Ossuary  | Entered an ossuary
  5328 | D:6      | Reached skill level 4 in Conjurations
  5506 | D:6      | Found a shimmering blue altar of Sif Muna.
  5575 | D:6      | HP: 2/61 [steam dragon/ball of steam (19)]
  5667 | D:6      | Found a sacrificial altar of Ru.
  5669 | D:6      | Found a hide-covered altar of Uskayaw.
  5669 | D:6      | Found a basalt altar of Yredelemnul.
  5669 | D:6      | Found an ancient bone altar of Kikubaaqudgha.
  5670 | D:6      | Found an opulent altar of Gozag.
  6352 | D:6      | Identified the amulet of Fun {Acrobat rElec Will+}
  6384 | D:6      | Found a staircase to the Ecumenical Temple.
  6581 | Temple   | Entered the Ecumenical Temple
  6871 | D:7      | Reached skill level 5 in Fighting
  6871 | D:7      | Gained mutation: You are completely covered in sharp
                  | spines. [demonic ancestry]
  6871 | D:7      | Reached XP level 9. HP: 68/68 MP: 15/15
  6882 | D:7      | Found a burning altar of Makhleb.
  6923 | D:7      | Found a radiant altar of Vehumet.
  6935 | D:7      | Reached skill level 5 in Armour
  6935 | D:7      | Reached skill level 5 in Conjurations
  6941 | D:7      | Became a worshipper of Vehumet
  6993 | D:7      | Learned a level 4 spell: Sticky Flame
  6997 | D:7      | Learned a level 3 spell: Mephitic Cloud
  7000 | D:7      | Learned a level 2 spell: Blink
  7002 | D:7      | Learned a level 1 spell: Apportation
  7008 | D:7      | Learned a level 5 spell: Fireball
  7169 | D:8      | Reached skill level 5 in Fire Magic
  7179 | D:8      | Found a flagged portal.
  7195 | Bailey   | Entered a bailey
  7243 | Bailey   | Noticed an orc warlord
  7254 | Bailey   | Reached * piety under Vehumet
  7254 | Bailey   | Offered knowledge of Sandblast by Vehumet.
  7279 | Bailey   | Reached skill level 1 in Air Magic
  7303 | Bailey   | Found a runed translucent gate.
  7303 | Bailey   | Found a runed translucent gate.
  7303 | Bailey   | Found a runed translucent gate.
  7315 | Bailey   | Noticed an orc knight
  7353 | Bailey   | Killed an orc knight
  7354 | Bailey   | Reached skill level 5 in Spellcasting
  7665 | Bailey   | Killed an orc warlord
  7666 | Bailey   | Reached skill level 6 in Conjurations
  7666 | Bailey   | Gained mutation: You have a pair of small antennae on your
                  | head. [demonic ancestry]
  7666 | Bailey   | Reached XP level 10. HP: 74/74 MP: 3/18
  7666 | Bailey   | Quit the game

Illustrated notes

Levels and vault maps discovered:
D:1:      dpeg_arrival_ternary, layout_loops_corners, serial_bayou_lake_a
D:2:      layout_loops_ring, serial_forest, infiniplex_forest_zigzag_1,
          infiniplex_forest_straight_3, infiniplex_forest_lined_room_,
          infiniplex_forest_clump_curved, infiniplex_forest_lined_2,
          infiniplex_forest_clump_medium, infiniplex_forest_side_room,
          infiniplex_forest_lined_room_2, minmay_small_reverse_x
D:3:      layout_basic, gammafunk_temple_overflow_pools, item_on_display_a
D:4:      layout_basic, serial_bayou_pond_d, uniq_blork_the_orc
D:5:      layout_basic, uniq_grinder
D:6:      cheibrodos_steamvent, layout_basic, grunt_temple_overflow_open,
          minmay_temple_entry_fiery, chequers_ossuary_entry_cave,
          minmay_misc_feat_secret_circle, kennysheep_dice
D:7:      layout_loops_corners, vehumet_altar_wand_db, serial_shops,
          nicolae_shop_behind_doors, lemuel_statue_altar
D:8:      layout_rooms, enter_bailey_5
Temple:   dshaligram_water_room_temple
Bailey:   bailey_axe_bossmonster_kennysheep, bailey

Skill      XL: |  1  2  3  4  5  6  7  8  9 |
---------------+----------------------------+-----
Armour         | 2 3 4 5 |  5.9
Conjurations   | 1 2 3 4 6 |  6.0
Fighting       | 2 3 4 5 |  5.2
Fire Magic     | 2 3 4 5 |  5.7
Spellcasting   | 2 3 4 5 |  5.6
Shields        | 3 4 |  4.6
Air Magic      | 2 |  2.7
Maces & Flails | |  1.7
Hexes          | |  1.0
Evocations     | |  1.0

Action                   |  1- 3 |  4- 6 |  7- 9 | 10-12 || total
-------------------------+-------+-------+-------+-------++-------
Melee: Club              |    71 |       |       |       ||    71
       Mace              |    64 |       |       |       ||    64
       War axe           |     4 |    50 |       |       ||    54
       Short sword       |       |    12 |   185 |       ||   197
Throw: Dart              |       |       |     3 |       ||     3
 Cast: Foxfire           |       |    11 |    94 |       ||   105
       Magic Dart        |       |    12 |    21 |       ||    33
       Mephitic Cloud    |       |       |     3 |       ||     3
       Sticky Flame      |       |       |     1 |       ||     1
Evoke: Wand              |       |       |     1 |       ||     1
  Use: Scroll            |    10 |     3 |     7 |       ||    20
       Potion            |       |       |     2 |       ||     2
Armor: Ring mail         |    54 |    33 |    71 |       ||   158
Dodge: Dodged            |    91 |    27 |    66 |       ||   184
Block: Buckler           |       |       |    93 |       ||    93
       Other             |       |       |     2 |       ||     2

Table legend: (Time is in decaauts)
 A = Elapsed time spent in this place.
 B = Non-inter-level travel time spent in this place.
 C = Inter-level travel time spent in this place.
 D = Time resting spent in this place.
 E = Time spent auto-exploring this place.
 F = Levels seen in this place.
 G = Mean time per level.
                   A        B        C        D        E       F      G
               +--------+--------+--------+--------+--------+-----+--------+
         Total |   7785 |   7394 |    391 |   1042 |   4815 |  11 |  707.7 |
       Dungeon |   6953 |   6562 |    391 |    932 |   4465 |   8 |  869.1 |
        Temple |    136 |    136 |      0 |      0 |    108 |   1 |  136.0 |
       Ossuary |    236 |    236 |      0 |      0 |     96 |   1 |  236.0 |
        Bailey |    459 |    459 |      0 |    110 |    146 |   1 |  459.0 |
               +--------+--------+--------+--------+--------+-----+--------+

Top non-repeatable levels by time:
     D:1: 1739 daAuts
     D:6: 1507 daAuts
     D:5: 1043 daAuts
     D:2: 991 daAuts
     D:4: 609 daAuts
     D:3: 605 daAuts
  Bailey: 459 daAuts
     D:7: 300 daAuts
 Ossuary: 236 daAuts
     D:8: 156 daAuts
  Temple: 136 daAuts
